AoeStats
← PZ|MBalu

Lombardia

510168598Analyzed
4v4 RM · 4d ago on Sep 29, 2026· 53m 55s· 8 players
Game mode
Random Map
Map size
Large (8 player)
Population
200
Speed
Normal
Resources
Standard
Victory
Conquest
Starting age
Dark Age
Ending age
Imperial Age
RankedLock teamsTeams togetherTeam positionsShared explorationLock speedFull tech treeHidden civsTurbo modeCheats
Victory
Defeat
🇩🇪 Franks · Germany
1251
+16
🇩🇪 Sicilians · Germany
1244
+16
🇨🇴 Magyars · Colombia
1243
+16
🇩🇪 Tatars · Germany
1204
+18
🇭🇺 Wu · Hungary
1284
-18
🇺🇸 Maya · United States
1252
-17
🇭🇺 Britons · Hungary
1249
-17
🇭🇺 Franks · Hungary
1192
-14
bumbsbomba74
8:41 Feudal Age
9:34 Double-Bit Axe
10:29 Horse Collar
17:59 Castle Age
18:49 Bow Saw
19:13 Heavy Plow
22:32 Wheelbarrow
24:11 Gold Mining
24:44 Loom
26:23 Gold Shaft Mining
29:25 Imperial Age
27:45 Fletching
28:13 Padded Archer Armor
28:40 Ballistics
29:04 Bodkin Arrow
29:10 Husbandry
29:34 Hand Cart
29:25 Capped Ram
30:07 Bracer
31:08 Chemistry
30:51 Siege Ram
31:55 Ballistics
31:49 Bloodlines
32:41 Leather Archer Armor
33:57 Heavy Cavalry Archer
35:50 Ring Archer Armor
36:34 Stone Mining
37:30 Scale Barding Armor
37:35 Forging
38:44 Crop Rotation
38:41 Chain Barding Armor
38:49 Light Cavalry
40:37 Plate Barding Armor
40:12 Hussar
40:53 Scale Mail Armor
41:29 Iron Casting
45:00 Conscription
44:46 Silk Armor
46:31 Blast Furnace
45:45 Silk Armor
46:22 Siege Engineers
46:28 Masonry
46:23 Caravan
49:22 Timurid Siegecraft
49:45 Bombard Tower
49:09 Treadmill Crane
Birkules
2:17 Loom
10:39 Feudal Age
18:15 Castle Age
17:13 Gold Mining
17:13 Double-Bit Axe
19:19 Forging
27:15 Scale Barding Armor
29:04 Husbandry
30:53 Gold Shaft Mining
30:45 Fletching
35:26 Imperial Age
35:08 Bow Saw
35:42 Cavalier
36:44 Pikeman
37:25 Squires
37:10 Arson
37:39 Chivalry
38:05 Conscription
38:21 Hoardings
38:48 Iron Casting
38:14 Scale Mail Armor
38:35 Chain Barding Armor
38:12 Bodkin Arrow
39:00 Wheelbarrow
38:31 Caravan
38:46 Halberdier
39:41 Paladin
45:20 Blast Furnace
44:36 Chain Mail Armor
44:56 Plate Barding Armor
47:40 Light Cavalry
54:29 Hand Cart
Tada
10:37 Feudal Age
11:42 Double-Bit Axe
12:01 Loom
19:24 Castle Age
18:30 Horse Collar
19:25 Bloodlines
20:40 Wheelbarrow
20:55 Husbandry
21:19 Heavy Plow
25:17 Gold Mining
26:25 Forging
26:20 Scale Barding Armor
29:19 Hand Cart
30:06 Town Watch
31:23 Bow Saw
31:42 Chain Barding Armor
31:58 Iron Casting
34:54 Imperial Age
33:58 Squires
33:44 Gambesons
33:45 Arson
33:20 Man-at-Arms
34:31 Ballistics
35:37 Caravan
36:41 Gold Shaft Mining
35:57 Stone Mining
37:24 Conscription
36:37 Light Cavalry
37:11 Cavalier
39:00 Plate Barding Armor
39:32 Blast Furnace
38:57 Hauberk
39:28 Crop Rotation
41:08 Pikeman
41:51 Scale Mail Armor
41:42 Fletching
43:03 Siege Engineers
44:00 Chemistry
44:09 First Crusade
44:39 Coinage
44:21 Guilds
46:09 Chain Mail Armor
45:49 Bodkin Arrow
47:56 Murder Holes
47:30 Capped Ram
49:45 Banking
50:27 Siege Ram
50:48 Halberdier
JAGR | juankof
6:57 Loom
10:23 Feudal Age
16:32 Double-Bit Axe
20:07 Castle Age
18:09 Fletching
18:20 Padded Archer Armor
18:16 Horse Collar
19:50 Wheelbarrow
20:49 Bodkin Arrow
26:28 Husbandry
27:13 Ballistics
27:29 Bow Saw
27:46 Leather Archer Armor
29:18 Gold Mining
29:19 Stone Mining
30:13 Bloodlines
32:44 Gold Shaft Mining
32:55 Hand Cart
39:43 Imperial Age
38:02 Town Watch
38:22 Corvinian Army
39:05 Scale Barding Armor
39:09 Thumb Ring
40:43 Bracer
41:44 Chemistry
40:07 Heavy Cavalry Archer
41:12 Parthian Tactics
41:17 Recurve Bow
41:38 Conscription
41:50 Ring Archer Armor
41:29 Heavy Plow
42:35 Two-Man Saw
43:55 Scale Mail Armor
44:16 Chain Barding Armor
43:24 Light Cavalry
44:45 Caravan
48:22 Crop Rotation
50:30 Town Patrol
51:09 Plate Barding Armor
50:00 Hussar
PZ|SlothKing
8:10 Loom
9:55 Feudal Age
16:07 Castle Age
14:58 Double-Bit Axe
21:28 Horse Collar
24:47 Heavy Plow
29:53 Imperial Age
26:54 Pikeman
28:17 Squires
28:10 Fletching
28:20 Padded Archer Armor
29:30 Ballistics
29:12 Town Watch
30:02 Wheelbarrow
29:21 Gold Mining
30:26 Bodkin Arrow
30:46 Leather Archer Armor
31:33 Elite Longbowman
33:55 Chemistry
33:13 Leather Archer Armor
33:52 Bracer
38:30 Hoardings
39:25 Scale Mail Armor
40:14 Gambesons
40:15 Arson
40:22 Halberdier
41:15 Forging
41:48 Conscription
42:08 Chain Mail Armor
43:31 Ring Archer Armor
43:32 Plate Mail Armor
43:37 Iron Casting
49:22 Iron Casting
51:27 Elite Skirmisher
52:37 Bow Saw
PZ|MBalu
11:32 Feudal Age
15:47 Castle Age
17:27 Double-Bit Axe
18:43 Bow Saw
25:00 Forging
26:09 Wheelbarrow
25:45 Gold Mining
26:07 Scale Barding Armor
28:10 Husbandry
33:51 Imperial Age
32:19 Iron Casting
33:26 Chain Barding Armor
33:55 Cavalier
36:46 Gold Shaft Mining
36:50 Fletching
38:08 Plate Barding Armor
39:46 Blast Furnace
38:20 Paladin
40:42 Bodkin Arrow
45:25 Chemistry
49:06 Hoardings
48:01 Light Cavalry
49:00 Scale Mail Armor
49:24 Pikeman
PZ|ReDw1nG
5:00 Loom
10:57 Feudal Age
11:20 Loom
15:31 Castle Age
13:21 Double-Bit Axe
14:57 Horse Collar
15:12 Gold Mining
16:46 Bow Saw
17:37 Wheelbarrow
22:38 Heavy Plow
25:08 Hand Cart
27:28 Gold Shaft Mining
31:06 Imperial Age
29:04 Scale Barding Armor
30:50 Forging
32:00 Chain Barding Armor
32:08 Conscription
31:12 Heavy Hei Guang Cavalry
32:53 Husbandry
33:38 Plate Barding Armor
33:17 Bloodlines
34:59 Iron Casting
37:00 Blast Furnace
37:29 Two-Man Saw
37:05 Fletching
37:35 Stone Mining
38:34 Bodkin Arrow
39:52 Bracer
40:15 Ballistics
41:54 Padded Archer Armor
42:56 Chemistry
43:16 Leather Archer Armor
44:55 Masonry
47:56 Architecture
49:04 Treadmill Crane
48:54 Elite Skirmisher
49:46 Scale Mail Armor
49:16 Light Cavalry
52:37 Town Watch
Frion
0:32 Loom
10:47 Feudal Age
10:56 Feudal Age
11:42 Double-Bit Axe
21:57 Castle Age
20:10 Fletching
22:35 Bodkin Arrow
22:19 Crossbowman
28:52 Gold Mining
35:20 Wheelbarrow
37:00 Hand Cart
37:13 Town Watch
38:46 Thumb Ring
48:48 Padded Archer Armor
50:25 Ballistics
55:16 Imperial Age
Connection lost

Rejoining the realm…

Still unreachable

The connection could not be restored.

Session expired

The server has moved on; the page needs a fresh start.